 Dungeon Crawl Stone Soup version 0.31.0-4-g52a2dc7128 (webtiles) character file.

Game seed: 16067872952261067883

12 GreatBamboolord the Vexing (level 2, 0/21 HPs)
             Began as a Barachi Hexslinger on Jan 23, 2024.
             Slain by a hobgoblin (4 damage)
             ... on level 1 of the Dungeon.
             The game lasted 00:01:28 (248 turns).

GreatBamboolord the Vexing (Barachi Hexslinger)      Turns: 248, Time: 00:01:28

Health: 0/21       AC:  2    Str:  9    XL:     2   Next: 33%
Magic:  4/4        EV: 12    Int: 13    God:
Gold:   17         SH:  0    Dex: 14    Spells: 3/3 levels left

rFire   . . .        a - +1 sling
rCold   . . .        (no shield)
rNeg    . . .        c - +0 robe
rPois   .            (no helmet)
rElec   .            (no cloak)
rCorr   .            (no gloves)
SInv    .            (no boots)
Will    .....        (no amulet)
Stlth   +            (no ring)
HPRegen 0.23/turn    (no ring)
MPRegen 0.09/turn

%: no passive effects
@: unable to hop, slow
A: amphibious, slowness 1, strong legs 1, +LOS
a: Hop


You were on level 1 of the Dungeon.
You visited 1 branch of the dungeon, and saw 1 of its levels.

You collected 17 gold pieces.

Inventory:

Hand Weapons
 a - a +1 sling (weapon)
Armour
 c - a +0 robe (worn)
Scrolls
 b - a scroll of poison
 d - a scroll of enchant armour {unknown}
 g - a scroll of identify {unknown}
Potions
 e - 2 potions of attraction {unknown}
 f - a potion of resistance {unknown}


   Skills:
 * Level 1.5 Fighting
 * Level 2.2 Ranged Weapons
 * Level 2.3 Dodging
 * Level 1.3 Spellcasting
 * Level 3.4 Hexes
 + Level 1.3 Fire Magic


You had 3 spell levels left.
You didn't know any spells.
Your spell library contained the following spells:

 Spells                   Type           Power      Damage    Failure   Level
 Jinxbite                 Hex            18%        N/A       10%         2
 Sigil of Binding         Hex            9%         N/A       21%         3
 Inner Flame              Hex/Fire       7%         N/A       30%         3
 Cause Fear               Hex            4%         N/A       54%         4
 Dimensional Bullseye     Hex/Tloc       2%         N/A       80%         4


Dungeon Overview and Level Annotations

Branches:
Dungeon (1/15)

Altars:


Innate Abilities, Weirdness & Mutations

You are amphibious.
You cover ground slowly.
You can hop short distances.
You have an extended range of vision and can be seen from far away.


Message History

You are too injured to fight recklessly!
Fire: a) +1 sling
Press: ? - help, Q - select action, (/) - cycle Shift-Dir - straight line, f - hobgoblin
Aim: a hobgoblin (sparse dust, severely wounded, 57% to hit)
You shoot a sling bullet. The sling bullet hits the hobgoblin.
The hobgoblin is almost dead.
Unknown command.
Fire: a) +1 sling
Press: ? - help, Q - select action, (/) - cycle Shift-Dir - straight line, f/p - hobgoblin
Aim: a hobgoblin (severely wounded, 57% to hit)
You shoot a sling bullet.
The sling bullet closely misses the hobgoblin.
The sling bullet hits the kobold but does no damage.
The kobold is severely wounded.
The hobgoblin barely misses you.
Fire: a) +1 sling
Press: ? - help, Q - select action, (/) - cycle Shift-Dir - straight line, f/p - hobgoblin
Aim: a hobgoblin (severely wounded, 57% to hit)
You shoot a sling bullet. The sling bullet hits the hobgoblin.
The hobgoblin is almost dead.
The hobgoblin closely misses you.
Fire: a) +1 sling
Press: ? - help, Q - select action, (/) - cycle Shift-Dir - straight line, f/p - hobgoblin
Aim: a hobgoblin (almost dead, 57% to hit)
You shoot a sling bullet.
The sling bullet closely misses the hobgoblin.
The sling bullet completely misses the kobold.
The sling bullet hits the ball python.
The ball python is moderately wounded.
The hobgoblin hits you.
* * * LOW HITPOINT WARNING * * *
Fire: a) +1 sling
Press: ? - help, Q - select action, (/) - cycle Shift-Dir - straight line, f/p - hobgoblin
Aim: a hobgoblin (almost dead, 57% to hit)
You shoot a sling bullet.
The sling bullet closely misses the hobgoblin.
The sling bullet hits the kobold.
You kill the kobold!
The hobgoblin misses you. The hobgoblin hits you.
You die...

♣.....## ....### ....# ..###
## .## .. .# ######### ..
.######.......# .#
.....##.......#######..####.
'###########..'.@gS.........
#†........ #..#######..####.
#......... #..# .#
#...♣♣♣♣.. #..# $? #..♣♣
#..#######. .. #..♣
#..'.....>. ## #..♣
#..######.. #..♣ #..# #...
#..#


You could see a hobgoblin and a ball python.

Vanquished Creatures
  2 bats (D:1)
  An endoplasm (D:1)
  A hobgoblin (D:1)
  A quokka (D:1)
  3 ball pythons (D:1)
  3 kobolds (D:1)
  2 rats (D:1)
13 creatures vanquished.

Notes
Turn   | Place    | Note
-------+----------+-------------------------------------------
     0 | D:1      | GreatBamboolord the Barachi Hexslinger began the quest for
                  | the Orb.
     0 | D:1      | Reached XP level 1. HP: 15/15 MP: 2/2
   154 | D:1      | Reached XP level 2. HP: 21/21 MP: 3/3
   248 | D:1      | Slain by a hobgoblin

Illustrated notes

Levels and vault maps discovered:
D:1:      kilobyte_arrival_exit_the_forest, layout_basic,
          ebering_ecumenical_altar_sacrificial, minmay_misc_feat_diagonals,
          kennysheep_pointless_box, feat_on_display

Action                     || total
---------------------------++-------
   Fire: Sling             ||    42
Ability: Hop               ||     1
 Armour: Robe              ||    11
  Dodge: Dodged            ||    10
